 Dungeon Crawl Stone Soup version 0.27.1-34-g3ba077fa99 (webtiles) character file.

Game seed: 6995586067230624308

4 cbfl8 the Sneak (level 1, -1/20 HPs)
             Began as a Minotaur Delver on Jan 26, 2022.
             Slain by a kobold (2 damage)
             ... on level 2 of the Dungeon.
             The game lasted 00:00:51 (206 turns).

cbfl8 the Sneak (Minotaur Delver)                    Turns: 206, Time: 00:00:53

Health: -1/20      AC:  3    Str: 16    XL:     1   Next: 50%
Magic:  0/0        EV: 11    Int:  7    God:
Gold:   13         SH:  0    Dex: 11    Spells: 0/0 levels left

rFire    . . .     SeeInvis .   a - +0 hand axe
rCold    . . .     Faith    .   (no shield)
rNeg     . . .     Spirit   .   b - +0 leather armour
rPois    .         Reflect  .   (helmet restricted)
rElec    .         Harm     .   (no cloak)
rCorr    .         Rampage  .   (no gloves)
Will     .....                  (no boots)
Stlth    ++........             (no amulet)
HPRegen  0.06/turn              (no ring)
MPRegen  0.07/turn              (no ring)

@: no status effects
A: horns 2, retaliatory headbutt
a: no special abilities


You were on level 2 of the Dungeon.
You visited 1 branch of the dungeon, and saw 4 of its levels.

You collected 13 gold pieces.

Inventory:

Hand Weapons
 a - a +0 hand axe (weapon)
Armour
 b - a +0 leather armour (worn)
Wands
 g - a wand of digging (3)
Scrolls
 c - 2 scrolls of fog
 d - a scroll of magic mapping
 e - a scroll of fear
 h - a scroll of holy word {unknown}
 i - a scroll of identify {unknown}
Potions
 f - a potion of haste
 j - a potion of heal wounds {unknown}


   Skills:
 + Level 3.7 Fighting
 + Level 2.4 Axes
 + Level 0.5 Armour
 + Level 2.2 Dodging
 + Level 4.1 Stealth


You couldn't memorise any spells.
You didn't know any spells.
Your spell library was empty.

Dungeon Overview and Level Annotations

Branches:
Dungeon (5/15)
 Temple: D:4-7

Altars:


Innate Abilities, Weirdness & Mutations

You have a pair of horns on your head.
You reflexively headbutt those who attack you in melee.


Message History

You slash the rat!
You kill the rat!
Found 13 gold pieces.
Found a murky sapphire potion.
j - a murky sapphire potion You now have 13 gold pieces.
A rat comes into view.
The rat barely misses you.
You hit the rat.
You kill the rat!
Found 22 arrows.
Found a stone staircase leading up.
There is a stone staircase leading up here.
You climb upwards.
There is a stone staircase leading down here.
A quokka comes into view.
A kobold comes into view.
It is wielding a +4 short sword of flaming.
The kobold shouts! x2
The kobold throws a stone.
The stone closely misses you. The kobold misses you.
You barely miss the kobold. Your headbutt misses the kobold.
You hit the kobold.
The kobold hits you with a +4 short sword of flaming.
The kobold burns you.
The kobold hits you with a +0 short sword.
You hit the kobold but do no damage. You hit the kobold.
The kobold hits you but does no damage. The kobold closely misses you.
The quokka barely misses you. You furiously retaliate!
You headbutt the quokka. You closely miss the kobold.
You hit the quokka but do no damage. You barely miss the kobold.
The kobold misses you. x2
You furiously retaliate!
You headbutt the kobold!
You kill the kobold!
The quokka barely misses you. You furiously retaliate!
You headbutt the quokka. You closely miss the kobold.
Your headbutt misses the kobold. You hit the quokka.
You kill the quokka!
The kobold hits you with a +4 short sword of flaming!
* * * LOW HITPOINT WARNING * * *
The kobold burns you.
You die...

#.# #.# #.# ...
#.# #.# # #K# #
.
##.#####@#.#....
#...>...)....#
#..####.........
#. #........# #
..........
..........#
####.....###
##...## #.##


You could see a kobold.

Vanquished Creatures
  A hobgoblin (D:4)
  A kobold (D:2)
  A quokka (D:2)
  2 rats (D:3)
5 creatures vanquished.

Notes
Turn   | Place    | Note
-------+----------+-------------------------------------------
     0 | D:5      | cbfl8 the Minotaur Delver began the quest for the Orb.
     0 | D:5      | Reached XP level 1. HP: 19/19 MP: 0/0
   206 | D:2      | HP: 1/20 [kobold (7)]
   206 | D:2      | Slain by a kobold

Illustrated notes

Levels and vault maps discovered:
D:2:      layout_loops_ring, chequers_serial_rivers_marsh
D:3:      layout_loops_cross, nicolae_uskayaw_dance_hall,
          dilly_ecumenical_altar_fadedgnrine, uniq_grinder, uniq_sigmund
D:4:      layout_loops_ring, nicolae_tso_swordbearing_angel,
          mainiacjoe_overflow_cross_hatched, serial_park_tiny_1, goddamned_bats
D:5:      layout_loops_ring, minmay_temple_entry_slanted

Action                   || total
-------------------------++-------
Melee: Hand axe          ||     8
Armor: Leather armour    ||     1
Dodge: Dodged            ||     9
